 Dungeon Crawl Stone Soup version 0.25-a0-657-ge95d391c20 (webtiles) character file.

Game seed: 18014643040460490525, levelgen mode: deterministic

431 Esekla the Stinger (level 7, 0/45 HPs)
             Began as an Octopode Venom Mage on Mar 22, 2020.
             Slain by a water moccasin zombie (5 damage)
             ... in an ossuary.
             The game lasted 00:19:37 (2799 turns).

Esekla the Stinger (Octopode Venom Mage)            Turns: 2799, Time: 00:19:38

Health: 0/45       AC:  1    Str:  8    XL:     7   Next: 0%
Magic:  11/11      EV: 14    Int: 19    God:
Gold:   178        SH:  0    Dex: 12    Spells: 6/12 levels left

rFire    . . .     SeeInvis .   d - +3 short sword (drain)
rCold    + . .     Gourm    .   (no shield)
rNeg     . . .     Faith    .   (helmet restricted)
rPois    .         Spirit   .   (no amulet)
rElec    .         Reflect  .   l - ring of protection from cold
rCorr    .         Harm     .   (no ring)
MR       .....                  (no ring)
Stlth    +++.......             (no ring)
HPRegen  0.15/turn              (no ring)
MPRegen  0.12/turn              (no ring)
                                (no ring)
                                (no ring)

@: no status effects
A: almost no armour, stealthy swim, amphibious, 8 rings, constrict 8, camouflage
1, gelatinous body 1
a: no special abilities


You were in an ossuary.
You were not hungry.

You visited 1 branch of the dungeon, and saw 4 of its levels.
You also visited: Ossuary.

You collected 178 gold pieces.

Inventory:

Hand Weapons
 d - a +3 short sword of draining (weapon)
 r - a +0 trident
Missiles
 c - 2 boomerangs (quivered)
Jewellery
 l - a ring of protection from cold (left tentacle)
Scrolls
 a - 2 scrolls of teleportation
 f - a scroll of remove curse
 n - a scroll of random uselessness {unknown}
Potions
 e - a potion of flight {unknown}
 g - a potion of haste
 i - 2 potions of curing
 j - a potion of heal wounds {unknown}
 k - a potion of brilliance {unknown}
 o - 2 potions of invisibility
 p - a potion of cancellation {unknown}
Comestibles
 b - 4 rations


   Skills:
 * Level 2.1 Fighting
 + Level 2.8 Short Blades
 * Level 3.4 Dodging
 + Level 4.1 Stealth
 * Level 3.1 Spellcasting
 - Level 1.0 Transmutations
 * Level 2.2 Air Magic
 + Level 4.4 Poison Magic


You had 6 spell levels left.
You knew the following spells:

 Your Spells              Type           Power        Failure   Level  Hunger
a - Sting                 Tmut/Pois      ##..         4%          1    None
c - Mephitic Cloud        Conj/Pois/Air  ##......     19%         3    ###....
v - Poisonous Vapours     Pois/Air       ###...       6%          2    ##.....

Your spell library contained the following spells:

 Spells                   Type           Power        Failure   Level  Hunger
 Animate Skeleton         Necr           N/A          16%         1    None
 Pain                     Necr           #...         16%         1    None
 Ignite Poison            Fire/Tmut/Pois #.......     22%         3    ###....
 Olgreb's Toxic Radiance  Pois           ###.....     24%         4    ####...
 Vampiric Draining        Necr           #.........   41%         3    ###....
 Animate Dead             Necr           N/A          83%         4    ####...
 Agony                    Necr           #.......     99%         5    ######.


Dungeon Overview and Level Annotations

Branches:
Dungeon (5/15)            Ossuary (1/1)
 Temple: D:4-7

Altars:
Dithmenos
Elyvilon
Vehumet


Innate Abilities, Weirdness & Mutations

You cannot wear most types of armour.
You are very stealthy in the water. (Stealth+)
You are amphibious.
You can wear up to eight rings at the same time.
You can use your tentacles to constrict eight enemies at once.
Your skin changes colour to match your surroundings (Stealth+).
Your rubbery body absorbs attacks. (AC +1, EV +1)


Message History

You puncture the water moccasin zombie!
The water moccasin zombie is severely damaged.
You constrict the water moccasin zombie.
The water moccasin zombie bites you.
* * * LOW HITPOINT WARNING * * *
The water moccasin zombie closely misses you.
You hit the water moccasin zombie.
The water moccasin zombie is severely damaged.
You constrict the water moccasin zombie.
The water moccasin zombie closely misses you.
You barely miss the water moccasin zombie.
The water moccasin zombie is severely damaged.
You constrict the water moccasin zombie.
The water moccasin zombie bites you.
* * * LOW HITPOINT WARNING * * *
You hit the water moccasin zombie.
The water moccasin zombie is almost destroyed.
You constrict the water moccasin zombie.
The water moccasin zombie bites you.
You die...

#'### #...#
#...# #...#
#...# #'###
#...# ###
#####.^.#
#!!?!#..@#...#
+?[%!#.∩.Z..^#
#!!!!#...#..∩#
#### #########


You could see a water moccasin zombie.

Vanquished Creatures
  Grinder (D:3)
  A water moccasin zombie (Ossuary)
  Ijyb (D:3)
  Natasha (twice) (D:3)
  4 adders
  3 worms (D:2)
  A dart slug (D:1)
  2 orcs (D:3)
  A ball python (D:3)
  3 giant cockroaches
  5 goblins
  6 hobgoblins
  3 jackals (D:2)
  A quokka (D:3)
  10 bats
  2 frilled lizards
  A gnoll zombie (Ossuary)
  4 hobgoblin zombies (Ossuary)
  8 kobolds
  3 kobold zombies (Ossuary)
  An orc zombie (Ossuary)
  4 rats
67 creatures vanquished.

Notes
Turn   | Place    | Note
-------+----------+-------------------------------------------
     0 | D:1      | Esekla the Octopode Venom Mage began the quest for the Orb.
     0 | D:1      | Reached XP level 1. HP: 11/11 MP: 3/3
   304 | D:1      | Reached XP level 2. HP: 9/17 MP: 5/5
   558 | D:1      | Learned a level 2 spell: Poisonous Vapours
   908 | D:2      | Reached XP level 3. HP: 22/22 MP: 1/6
   913 | D:2      | Learned a level 3 spell: Mephitic Cloud
  1078 | D:2      | Found a shadowy altar of Dithmenos.
  1379 | D:2      | Reached XP level 4. HP: 27/27 MP: 7/7
  1416 | D:2      | Found a radiant altar of Vehumet.
  1416 | D:2      | Found a white marble altar of Elyvilon.
  1839 | D:3      | Noticed Grinder
  1871 | D:3      | Reached skill level 1 in Fighting
  1955 | D:3      | Killed Grinder
  1955 | D:3      | Reached skill level 1 in Air Magic
  1955 | D:3      | Reached XP level 5. HP: 8/34 MP: 7/9
  1955 | D:3      | Reached XP level 6. HP: 9/39 MP: 7/10
  2415 | D:3      | Noticed Ijyb
  2473 | D:3      | Killed Ijyb
  2563 | D:3      | Noticed Natasha
  2572 | D:3      | Killed Natasha
  2594 | D:3      | Noticed Natasha
  2599 | D:3      | Killed Natasha
  2623 | D:3      | You fall into a shaft and drop 2 floors!
  2623 | D:5      | Entered Level 5 of the Dungeon
  2716 | D:5      | Found a sand-covered staircase.
  2721 | Ossuary  | Entered an ossuary
  2792 | Ossuary  | Reached XP level 7. HP: 13/45 MP: 11/11
  2799 | Ossuary  | Slain by a water moccasin zombie

Levels and vault maps discovered:
D:1:      lightli_arrival_isolated_outpost, layout_basic
D:2:      layout_rooms, lemuel_crystal_altar, gammafunk_temple_overflow_statue,
          due_unseen_surprise
D:3:      layout_loops_corners, first_ration, kennysheep_minor_cross,
          minmay_ruptured, uniq_natasha, uniq_ijyb, uniq_grinder
D:5:      layout_loops_ring, nicolae_ossuary_entry_monument,
          uniq_crazy_yiuf_cottage
Ossuary:  ossuary_tomb_2

Skill      XL: |  1  2  3  4  5  6 |
---------------+-------------------+-----
Poison Magic   | 4 |  4.4
Stealth        | 3 4 |  4.1
Fighting       | 1 2 |  2.1
Short Blades   | 2 |  2.8
Dodging        | 3 |  3.4
Spellcasting   | 3 |  3.1
Air Magic      | 1 2 |  2.2
Transmutations | |  1.0

Action                   |  1- 3 |  4- 6 |  7- 9 || total
-------------------------+-------+-------+-------++-------
Melee: Short sword       |    66 |    64 |     7 ||   137
       Constrict         |    15 |    16 |     1 ||    32
       Tentacles         |    11 |     9 |       ||    20
Throw: Boomerang         |       |     1 |       ||     1
 Cast: Poisonous Vapours |     9 |     9 |       ||    18
       Mephitic Cloud    |       |     1 |       ||     1
  Use: Scroll            |       |     7 |       ||     7
       Potion            |       |     1 |       ||     1
 Stab: Sleeping          |     6 |     6 |       ||    12
  Eat: Chunk             |     1 |     5 |       ||     6
       Ration            |       |     1 |       ||     1
Armor: Skin              |     8 |     4 |       ||    12
Dodge: Dodged            |    56 |    38 |     4 ||    98

Table legend:
 A = Non-vault XP
 B = Vault XP
 C = Vault XP percentage of total XP
 D = Non-vault monster count
 E = Vault monster count
 F = Vault count percentage of total count
                 A         B        C        D         E       F
            +---------+---------+-------+---------+---------+-------
      Total |     160 |     457 |  74.1 |      49 |      18 |  26.9
            +---------+---------+-------+---------+---------+-------
        D:1 |      33 |       0 |   0.0 |      21 |       0 |   0.0
        D:2 |      61 |       0 |   0.0 |      17 |       0 |   0.0
        D:3 |      66 |     370 |  84.9 |      11 |       8 |  42.1
    Ossuary |       0 |      87 | 100.0 |       0 |      10 | 100.0
            +---------+---------+-------+---------+---------+-------
